AoeStats
← luzmamera2

Oasis

509697622Analyzed
4v4 RM · 6d ago on Sep 27, 2026· 33m 31s· 8 players
Game mode
Random Map
Map size
Large (8 player)
Population
200
Speed
Normal
Resources
Standard
Victory
Conquest
Starting age
Dark Age
Ending age
Imperial Age
RankedLock teamsTeams togetherTeam positionsShared explorationLock speedFull tech treeHidden civsTurbo modeCheats
Victory
Defeat
🇨🇭 Vietnamese · Switzerland
890
+17
🇲🇽 Goths · Mexico
878
+18
🇩🇪 Burgundians · Germany
875
+18
🇦🇹 Romans · Austria
866
+18
🇪🇸 Italians · Spain
942
-19
🇧🇪 Vietnamese · Belgium
930
-18
🇨🇳 Chinese · China
898
-17
🇹🇷 Tatars · Türkiye
896
-17
Bertinos
11:53 Feudal Age
16:25 Castle Age
28:47 Imperial Age
27:10 Double-Bit Axe
EyesOfWar
8:45 Loom
11:46 Feudal Age
14:02 Wheelbarrow
16:31 Castle Age
14:42 Double-Bit Axe
14:38 Horse Collar
16:12 Town Watch
17:32 Hand Cart
18:42 Bow Saw
20:35 Scale Barding Armor
25:54 Gold Mining
30:21 Imperial Age
29:51 Husbandry
30:01 Chatras
30:33 Chain Barding Armor
30:34 Bloodlines
31:05 Forging
30:56 Arson
Feed Me
4:44 Loom
11:32 Feudal Age
11:58 Horse Collar
12:09 Double-Bit Axe
21:45 Castle Age
25:49 Imperial Age
24:06 Arson
24:22 Squires
26:11 Crossbowman
29:42 Ballistics
863111034
12:43 Feudal Age
18:21 Wheelbarrow
23:12 Castle Age
24:37 Hand Cart
24:11 Double-Bit Axe
24:14 Horse Collar
SER
6:39 Loom
13:01 Feudal Age
13:34 Double-Bit Axe
13:29 Horse Collar
18:39 Castle Age
18:44 Scale Mail Armor
19:53 Bow Saw
19:44 Heavy Plow
22:37 Anarchy
27:33 Chain Mail Armor
27:24 Gold Mining
29:31 Forging
29:44 Squires
31:14 Iron Casting
luzmamera2
1:00 Loom
11:17 Feudal Age
11:57 Double-Bit Axe
21:12 Castle Age
21:20 Castle Age
20:09 Stone Mining
22:42 Bow Saw
23:07 Padded Archer Armor
26:41 Wheelbarrow
27:07 Leather Archer Armor
26:43 Fletching
27:54 Elite Skirmisher
28:40 Thumb Ring
29:02 Hand Cart
29:20 Bodkin Arrow
30:10 Fortified Wall
31:22 Ballistics
31:00 Murder Holes
31:16 Masonry
33:40 Gold Mining
34:25 Stone Shaft Mining
Archimedes420
10:16 Feudal Age
8:56 Loom
12:48 Double-Bit Axe
13:55 Stone Mining
16:23 Wheelbarrow
16:11 Horse Collar
17:01 Town Watch
20:32 Man-at-Arms
25:11 Castle Age
23:32 Gold Mining
23:53 Scale Mail Armor
26:43 Bow Saw
30:03 Bloodlines
30:05 Husbandry
30:27 Hand Cart
30:27 Squires
30:23 Long Swordsman
31:17 Pikeman
33:48 Chain Mail Armor
33:44 Forging
33:14 Elite Skirmisher
Haudinida
0:27 Loom
12:08 Feudal Age
11:07 Double-Bit Axe
11:06 Horse Collar
13:11 Bow Saw
14:53 Wheelbarrow
17:09 Gold Mining
17:40 Town Watch
17:48 Stone Mining
17:56 Fletching
22:27 Castle Age
20:49 Heavy Plow
21:37 Caravan
23:04 Gold Shaft Mining
24:09 Hand Cart
29:35 Bodkin Arrow
32:25 Imperial Age
31:29 Forging
31:20 Scale Mail Armor
33:14 Pikeman
33:54 Squires
Connection lost

Rejoining the realm…

Still unreachable

The connection could not be restored.

Session expired

The server has moved on; the page needs a fresh start.